 Dungeon Sprint DCSS version 0.30-a0-956-gcec3b41aec (webtiles) character file.

Game seed: 7730151883392312056

296846 BigDaddyOpFi the End of an Era (level 20, -4/216 HPs)
             Began as a Hill Orc Fighter on Mar 29, 2023.
             Was the Champion of Qazlal.
             Killed from afar by an orb of fire (50 damage)
             ... with a fireball
             ... in the Dungeon (Sprint VII: "The Pits").
             The game lasted 00:21:03 (9094 turns).

BigDaddyOpFi the End of an Era (Hill Orc Fighter)   Turns: 9094, Time: 00:21:03

Health: -4/216     AC: 43    Str: 31    XL:     20   Next: 92%
Magic:  45/45      EV: 16    Int:  4    God:    Qazlal [******]
Gold:   442        SH: 34    Dex:  8    Spells: 73/73 levels left

rFire   + . .      SeeInvis .    P - +7 broad axe (heavy)
rCold   . . .      Faith    .    I - +3 tower shield
rNeg    . . .      Spirit   .    q - +12 plate armour
rPois   .          Reflect  .    x - +1 helmet
rElec   .          Rampage  +    J - +0 cloak {Stlth+}
rCorr   .          NoTele   +    s - +4 pair of gloves {Stlth+}
Will    ++...                    H - +0 pair of boots {rampage}
Stlth   +                        u - amulet of regeneration
HPRegen 1.36/turn                L - +3 ring of slaying
MPRegen 0.29/turn                Z - ring "Mathrou" {Will+ Str+5 Int-4 Slay+5}

@: protected from fire, studying 2 skills, repel missiles, unable to read
A: talons 1, clumsy 1, deformed body, low MP 1, weak 1, subdued magic 1,
inability to read after injury 1
}: 2/3 runes: silver, golden
a: Renounce Religion, Upheaval, Elemental Force, Disaster Area


You were in the Dungeon.
You worshipped Qazlal.
Qazlal was exalted by your worship.
You visited 1 branch You collected 442 gold pieces.

Inventory:

Hand Weapons
 P - a +7 heavy broad axe (weapon)
Armour
 q - a +12 plate armour (worn)
 s - a +4 pair of gloves of stealth (worn)
 x - a +1 helmet (worn)
 A - +4 gold dragon scales
 B - a scarf of resistance
 G - the +0 tower shield of Gozag's Pride {rC+ Dex+3}
   (You found it in the Dungeon)

   Dex:       It affects your dexterity (+3).
   rC:        It protects you from cold.
 H - a +0 pair of boots of rampaging (worn)
 I - a +3 tower shield (worn)
 J - a +0 cloak of stealth (worn)
 K - a +2 pair of boots
Jewellery
 a - the ring of Toidoad {rElec rC- Will+ Str+4 SInv}
   (You found it in the Dungeon)

   [ring of willpower]

   Str:       It affects your strength (+4).
   rC:        It makes you vulnerable to cold.
   rElec:     It insulates you from electricity.
   SInv:      It lets you see invisible.
   Will:      It increases your willpower.
 b - the ring of Akluleph {rElec Int+6}
   (You found it in the Dungeon)

   [ring of intelligence]

   Int:       It affects your intelligence (+6).
   rElec:     It insulates you from electricity.
 g - a +5 ring of slaying
 l - the ring "Fuakh" {Wiz rElec Str-5 Dex+2 Stlth+}
   (You found it in the Dungeon)

   [ring of wizardry]

   It improves your spell success rate.
   Str:       It affects your strength (-5).
   Dex:       It affects your dexterity (+2).
   rElec:     It insulates you from electricity.
   Stlth:     It makes you more stealthy.
 m - the ring "Xocioli" {rPois rN+ Int+3 Dex+4}
   (You found it in the Dungeon)

   [ring of positive energy]

   Int:       It affects your intelligence (+3).
   Dex:       It affects your dexterity (+4).
   rPois:     It protects you from poison.
   rN:        It protects you from negative energy.
 o - the ring of Umnaw {MP+9 SInv}
   (You found it in the Dungeon)

   [ring of see invisible]

   MP:        It affects your magic capacity (+9).
   SInv:      It lets you see invisible.
 u - an amulet of regeneration (around neck)
 v - the ring "Mimuat" {rN+ Will++ SInv}
   (You found it in the Dungeon)

   [ring of see invisible]

   rN:        It protects you from negative energy.
   SInv:      It lets you see invisible.
   Will:      It greatly increases your willpower.
 w - the ring of the Priest {EV+5 Str+2 Int-3 Dex+6 Slay+2}
   (You found it in the Dungeon)

   [ring of evasion]

   EV:        It affects your evasion (+5).
   Str:       It affects your strength (+2).
   Int:       It affects your intelligence (-3).
   Dex:       It affects your dexterity (+6).
   Slay:      It affects your accuracy & damage with ranged weapons and melee
   (+2).
 C - the ring "Xunutax" {Int+2 Dex+6 SInv}
   (You found it in the Dungeon)

   [ring of dexterity]

   Int:       It affects your intelligence (+2).
   Dex:       It affects your dexterity (+6).
   SInv:      It lets you see invisible.
 L - a +3 ring of slaying (left hand)
 N - a +6 ring of dexterity
 Q - the amulet of the Equinox {Spirit Str+2}
   (You took it off a frost giant in the Dungeon)

   [amulet of guardian spirit]

   It causes incoming damage to be divided between your reserves of health and
   magic.
   Str:       It affects your strength (+2).
 V - an amulet of faith
 W - the amulet "Bemu" {Reflect rPois rF+ SH+5}
   (You found it in the Dungeon)

   [amulet of reflection]

   It reflects blocked missile attacks.
   rF:        It protects you from fire.
   rPois:     It protects you from poison.
   SH:        It affects your SH (+5).
 Z - the ring "Mathrou" (right hand) {Will+ Str+5 Int-4 Slay+5}
   (You found it in the Dungeon)

   [ring of slaying]

   Str:       It affects your strength (+5).
   Int:       It affects your intelligence (-4).
   Slay:      It affects your accuracy & damage with ranged weapons and melee
   (+5).
   Will:      It increases your willpower.
Wands
 h - a wand of flame (13)
 S - a wand of mindburst (9)
 U - a wand of iceblast (2)
Scrolls
 j - 4 scrolls of blinking
 t - 4 scrolls of identify
 D - 2 scrolls of magic mapping
 E - 3 scrolls of fear
 O - 3 scrolls of poison
Potions
 c - 6 potions of mutation
 d - 5 potions of might
 e - 17 potions of curing
 f - 26 potions of heal wounds
 i - 4 potions of berserk rage
 k - 2 potions of invisibility
 n - 7 potions of brilliance
 p - a potion of haste
 r - 7 potions of magic
 z - a potion of lignification
 F - 3 potions of cancellation
 M - a potion of resistance
 T - a potion of flight
Miscellaneous
 y - the horn of Geryon
 R - a condenser vane


   Skills:
 O Level 27 Fighting
 O Level 27 Axes
 O Level 27 Armour
 O Level 27 Dodging
 * Level 12.7 Stealth
 O Level 27 Shields
 O Level 27 Spellcasting
 O Level 27 Invocations
 O Level 27 Evocations


You had 73 spell levels left.
You didn't know any spells.
Your spell library contained the following spells:

 Spells                   Type           Power      Damage    Failure   Level
 Beastly Appendage        Tmut           8%         N/A       8%          1
 Magic Dart               Conj           16%        1d3       8%          1
 Shock                    Conj/Air       16%        1d4       8%          1
 Blink                    Tloc           8%         N/A       12%         2
 Cigotuvi's Dreadful Rot  Necr/Pois/Air  8%         N/A       12%         2
 Ensorcelled Hibernation  Hex/Ice        8%         N/A       12%         2
 Momentum Strike          Conj/Tloc      8%         3d8       12%         2
 Passwall                 Tmut/Erth      3%         N/A       12%         2
 Scorch                   Fire           8%         2d5       12%         2
 Searing Ray              Conj           8%         2d4       12%         2
 Wereblood                Tmut           4%         N/A       12%         2
 Swiftness                Air            4%         N/A       24%         3
 Anguish                  Hex/Necr       2%         N/A       63%         4
 Animate Armour           Summ/Erth      8%         N/A       63%         4
 Flame Wave               Conj/Fire      4%         2d5       63%         4
 Fulminant Prism          Conj/Hex       2%         3d5       63%         4
 Petrify                  Tmut/Erth      4%         N/A       63%         4
 Blade Hands              Tmut           2%         N/A       93%         5
 Irradiate                Conj/Tmut      2%         3d12      93%         5
 Metabolic Englaciation   Hex/Ice        2%         N/A       93%         5
 Silence                  Hex/Air        2%         N/A       93%         5
 Summon Forest            Summ/Tloc      2%         N/A       93%         5
 Conjure Ball Lightning   Conj/Air       2%         3x3d6     100%        6
 Eringya's Noxious Bog    Tmut/Pois      2%         N/A       100%        6
 Statue Form              Tmut/Erth      2%         N/A       100%        6
 Summon Cactus Giant      Summ           2%         N/A       100%        6
 Dragon Form              Tmut           2%         N/A       100%        7
 Storm Form               Tmut/Air       2%         N/A       100%        7
 Maxwell's Capacitive Co  Air            2%         ∞         100%        8
 Chain Lightning          Conj/Air       2%         3d2       100%        9
 Dragon's Call            Summ           2%         N/A       100%        9


Dungeon Overview and Level Annotations

Branches:
Dungeon (1/1)

Altars:
Ashenzari
Cheibriados
Dithmenos
Elyvilon
Fedhas
Gozag
Hepliaklqana
Kikubaaqudgha
Makhleb
Nemelex Xobeh
Okawaru
Qazlal
Ru
Sif Muna
Trog
Uskayaw
Vehumet
Wu Jian
Xom
Yredelemnul
Zin
The Shining One
Beogh
Jiyva
Lugonu


Innate Abilities, Weirdness & Mutations

You have sharp toenails.
You are clumsy. (Dex -2)
Armour fits poorly on your strangely shaped body.
Your magical capacity is low. (-10% MP)
You are weak. (Str -2)
Your spells are a little easier to cast, but a little less powerful.
You occasionally lose the ability to read scrolls when taking damage.


Message History

You feel threatened and lose the ability to read scrolls!
You slice the orb of fire like a ripe choko!!!
The orb of fire is moderately damaged.
You miss the orb of fire.
The orb of fire is moderately damaged.
You hit the orb of fire but do no damage.
The orb of fire is moderately damaged.
The orb of fire emits a lurid red light.
The fireball explodes!
The fireball engulfs you. You resist.
You feel more protected from fire.
The fireball engulfs the orb of fire.
The orb of fire completely resists.
You cut the orb of fire into ribbons!!!
The orb of fire is almost destroyed.
The orb of fire glows yellow.
The fireball explodes!
The fireball engulfs you! You resist.
You feel more protected from fire.
The fireball engulfs the orb of fire.
The orb of fire completely resists.
The orb of fire glows bright magenta.
The fireball explodes!
The fireball engulfs you! You resist.
You feel more protected from fire.
* * * LOW HITPOINT WARNING * * *
The fireball engulfs the orb of fire.
The orb of fire completely resists.
You miss the orb of fire.
The orb of fire is severely damaged.
The orb of fire glows deep purple.
Strange energies course through your body.
You feel frail.
You hit the orb of fire but do no damage.
The orb of fire is severely damaged.
You slash the orb of fire!
The orb of fire is almost destroyed.
The orb of fire glows red.
The bolt of fire hits you!! You resist.
* * * LOW HITPOINT WARNING * * *
You closely miss the orb of fire.
The orb of fire is almost destroyed.
The orb of fire glows yellow.
The fireball explodes!
The fireball engulfs you!!! You resist.
You feel more protected from fire.
You die...

#.# #'# #.# #'#
#.# #'# # ### #.#
##.###.###'#
#..*@§).##.#
#+.##○.###'# #
#.#'# #.#
###.###'#
+...##)##
#'.##...#
#.##['...# ##
####[##
##################
###'#


You could see an orb of fire.

Vanquished Creatures
  Dissolution (D)
  Ignacio (D)
  the Serpent of Hell (D)
  Mnoleg (D)
  Khufu (D)
  3 orbs of fire (D)
  Mara (D)
  Mennas (D)
  2 royal mummies (D)
  Boris (D)
  Margery (D)
  Frederick (D)
  the Lernaean hydra (D)
  A curse toe (D)
  Xtahua (D)
  A golden dragon (D)
  Geryon (D)
  Nikola (D)
  Jory (D)
  2 Tzitzimimeh (D)
  2 bone dragons (D)
  3 pearl dragons (D)
  3 electric golems (D)
  2 Hell Sentinels (D)
  3 Brimstone Fiends (D)
  Rupert (D)
  An Ice Fiend (D)
  26 Orb Guardians (D)
  11 titans (D)
  4 liches (D)
  A quicksilver dragon (D)
  3 tentacled monstrosities (D)
  2 deep elf blademasters (D)
  4 deep elf master archers (D)
  3 acid blobs (D)
  An Executioner (D)
  A death cob (D)
  2 sphinxes (D)
  An eldritch tentacle (D)
  Frances (D)
  A shadow dragon (D)
  2 storm dragons (D)
  3 nagarajas (D)
  2 draconian monks (D)
  A rockslime (D)
  A daeva (D)
  15 fire giants (D)
  4 deep elf sorcerers (D)
  An azure jelly (D)
  A balrug (D)
  A ghost moth (D)
  17 frost giants (D)
  2 orc warlords (D)
  An angel (D)
  A cacodemon (D)
  2 ophanim (D)
  A war gargoyle (D)
  4 reapers (D)
  14 stone giants (D)
  2 apis (D)
  A black draconian (D)
  3 deep elf demonologists (D)
  2 vampire knights (D)
  A deep elf annihilator (D)
  A minotaur (D)
  2 green draconians (D)
  3 white draconians (D)
  A lorocyproca (D)
  2 purple draconians (D)
  2 yellow draconians (D)
  4 green deaths (D)
  14 ettins (D)
  2 deep elf death magi (D)
  A mummy priest (D)
  3 blizzard demons (D)
  An eidolon (D)
  4 deep elf high priests (D)
  A fire dragon (D)
  A great orb of eyes (D)
  2 hydras (D)
  A rakshasa (D)
  4 yaktaur captains (D)
  A hell beast (D)
  17 vault guards (D)
  2 boulder beetles (D)
  2 ogre magi (D)
  2 two-headed ogres (D)
  A merfolk avatar (D)
  A spriggan air mage (D)
  3 catoblepae (D)
  5 death knights (D)
  2 anacondas (D)
  A centaur warrior (D)
  A naga warrior (D)
  A death yak (D)
  2 dancing weapons (D)
  2 deep troll shamans (D)
  2 vampire magi (D)
  A soul eater (D)
  20 hell knights (D)
  3 sun demons (D)
  A fire crab (D)
  A deep elf knight (D)
  A sixfirhy (D)
  3 skeletal warriors (D)
  3 deep trolls (D)
  2 shadow wraiths (D)
  A swamp dragon (D)
  2 bog bodies (D)
  13 wizards (D)
  A spriggan druid (D)
  A lindwurm (D)
  12 orc knights (D)
  A manticore (D)
  13 necromancers (D)
  A wolf spider (D)
  7 elephants (D)
  15 cyclopes (D)
  A guardian serpent (D)
  Maurice (D)
  A rust devil (D)
  A smoke demon (D)
  An orange demon (D)
  A black mamba (D)
  2 gargoyles (D)
  2 tormentors (D)
  A rime drake (D)
  An ice devil (D)
  A hellion (D)
  2 kobold demonologists (D)
  8 yaktaurs (D)
  A guardian mummy (D)
  A troll (D)
  2 wandering mushrooms (D)
  A hornet (D)
  4 wind drakes (D)
  An air elemental (D)
  A wyvern (D)
  7 slime creatures (D)
  A spriggan (shapeshifter) (D)
  Sigmund (D)
  3 shadows (D)
  A water elemental (D)
  A wraith (D)
  2 fire elementals (D)
  12 humans (D)
  3 golden eyes (D)
  A steam dragon (D)
  4 vampire mosquitoes (D)
  A swamp drake (D)
  Pargi (D)
  2 ogres (D)
  12 wolves (D)
  2 centaurs (D)
  A phantom (D)
  6 wights (D)
  16 killer bees (D)
  2 crimson imps (D)
  A quasit (D)
  An iron imp (D)
  4 orc priests (D)
  Jessica (D)
  3 orc wizards (D)
  A hell rat (D)
  2 small abominations (D)
  4 mummies (D)
  A river rat (D)
  2 adders (D)
  2 ufetubi (D)
  2 adder zombies (D)
  A worm (D)
  2 orcs (D)
  A ball python (D)
  A bat (D)
  3 endoplasms (D)
  6 jackals (D)
  A ball python simulacrum (D)
  A bat simulacrum (D)
  2 goblins (D)
  3 kobolds (D)
  A quokka zombie (D)
  A rat (D)
538 creatures vanquished.

Vanquished Creatures (collateral kills)
  An eldritch tentacle (D)
1 creature vanquished.

Grand Total: 539 creatures vanquished

Notes
Turn   | Place    | Note
-------+----------+-------------------------------------------
     0 | D        | BigDaddyOpFi the Hill Orc Fighter began the quest for the
                  | Orb.
     0 | D        | Reached XP level 1. HP: 19/19 MP: 1/1
    16 | D        | Found a bloodstained altar of Trog.
    16 | D        | Found a shimmering blue altar of Sif Muna.
    16 | D        | Found a viscous altar of Jiyva.
    16 | D        | Found a hazy altar of Hepliaklqana.
    16 | D        | Found an opulent altar of Gozag.
    17 | D        | Found a glowing golden altar of the Shining One.
    17 | D        | Found a glowing silver altar of Zin.
    17 | D        | Found a basalt altar of Yredelemnul.
    17 | D        | Found a shimmering altar of Xom.
    17 | D        | Found an ornate altar of the Wu Jian Council.
    17 | D        | Found a sacrificial altar of Ru.
    17 | D        | Found a stormy altar of Qazlal.
    17 | D        | Found an iron altar of Okawaru.
    17 | D        | Found a sparkling altar of Nemelex Xobeh.
    17 | D        | Found a burning altar of Makhleb.
    17 | D        | Found a blossoming altar of Fedhas.
    17 | D        | Found a white marble altar of Elyvilon.
    17 | D        | Found a shadowy altar of Dithmenos.
    17 | D        | Found a snail-covered altar of Cheibriados.
    18 | D        | Found a radiant altar of Vehumet.
    18 | D        | Found a corrupted altar of Lugonu.
    18 | D        | Found a roughly hewn altar of Beogh.
    19 | D        | Found a hide-covered altar of Uskayaw.
    19 | D        | Found an ancient bone altar of Kikubaaqudgha.
    19 | D        | Found a broken altar of Ashenzari.
    22 | D        | Became a worshipper of Qazlal Stormbringer
    50 | D        | Reached skill level 1 in Invocations
   131 | D        | Reached * piety under Qazlal
   133 | D        | Reached XP level 2. HP: 18/27 MP: 3/3
   139 | D        | Reached ** piety under Qazlal
   303 | D        | Reached *** piety under Qazlal
   304 | D        | Reached XP level 3. HP: 34/34 MP: 5/5
   375 | D        | Noticed a wight
   375 | D        | Noticed a wight
   375 | D        | Noticed a wight
   378 | D        | Killed a wight
   379 | D        | Reached skill level 5 in Fighting
   379 | D        | Reached skill level 5 in Axes
   379 | D        | Reached skill level 5 in Armour
   379 | D        | Reached skill level 5 in Shields
   379 | D        | Reached XP level 4. HP: 42/42 MP: 6/8
   381 | D        | Reached **** piety under Qazlal
   382 | D        | Reached XP level 5. HP: 50/50 MP: 6/10
   390 | D        | Reached XP level 6. HP: 58/58 MP: 7/12
   393 | D        | Noticed Jessica
   394 | D        | Reached ***** piety under Qazlal
   400 | D        | Killed Jessica
   467 | D        | Reached skill level 10 in Invocations
   469 | D        | Noticed a smoke demon
   481 | D        | Killed a smoke demon
   482 | D        | Reached XP level 7. HP: 55/69 MP: 13/15
   879 | D        | Noticed a wraith
   880 | D        | Reached ****** piety under Qazlal
   880 | D        | Killed a wraith
   881 | D        | Reached skill level 10 in Axes
   881 | D        | Reached XP level 8. HP: 79/79 MP: 8/18
  1169 | D        | Noticed a gargoyle
  1170 | D        | Killed a gargoyle
  1171 | D        | Reached skill level 10 in Fighting
  1171 | D        | Reached XP level 9. HP: 79/86 MP: 10/20
  1428 | D        | Noticed a fire crab
  1430 | D        | Killed a shadow wraith
  1430 | D        | Killed a fire crab
  1431 | D        | Reached skill level 10 in Armour
  1431 | D        | Reached skill level 10 in Shields
  1446 | D        | Noticed a bone dragon
  1447 | D        | Noticed an orange demon
  1448 | D        | Killed an orange demon
  1448 | D        | Killed a black mamba
  1449 | D        | Reached XP level 10. HP: 97/97 MP: 7/22
  1457 | D        | Killed a bone dragon
  1481 | D        | Noticed a two-headed ogre
  1488 | D        | Killed a two-headed ogre
  1555 | D        | Reached XP level 11. HP: 44/107 MP: 15/24
  1836 | D        | Killed Pargi
  2037 | D        | Noticed a bog body
  2042 | D        | Killed a bog body
  2064 | D        | Noticed a manticore
  2067 | D        | Noticed Sigmund
  2069 | D        | Noticed a five-headed hydra
  2071 | D        | Killed Sigmund
  2071 | D        | Killed a five-headed hydra
  2072 | D        | Reached skill level 15 in Axes
  2073 | D        | Killed a manticore
  2218 | D        | Noticed a boulder beetle
  2219 | D        | Noticed a bog body
  2226 | D        | Killed a bog body
  2227 | D        | Killed a boulder beetle
  2248 | D        | Noticed a lindwurm
  2250 | D        | Noticed a centaur warrior
  2254 | D        | Killed a lindwurm
  2258 | D        | Killed a centaur warrior
  2344 | D        | Noticed a catoblepas
  2354 | D        | Killed a catoblepas
  2355 | D        | Reached skill level 15 in Fighting
  2355 | D        | Reached XP level 12. HP: 116/119 MP: 26/26
  2367 | D        | Noticed a catoblepas
  2373 | D        | Killed a catoblepas
  2384 | D        | Noticed a boulder beetle
  2384 | D        | Noticed Maurice
  2394 | D        | Killed Maurice
  2396 | D        | Killed a boulder beetle
  2454 | D        | Noticed a vault guard
  2454 | D        | Noticed a daeva
  2454 | D        | Noticed a nagaraja
  2454 | D        | Noticed a nagaraja
  2454 | D        | Noticed a rakshasa
  2455 | D        | Killed a rakshasa
  2455 | D        | Killed a daeva
  2456 | D        | Killed a nagaraja
  2456 | D        | Killed a nagaraja
  2461 | D        | Killed a vault guard
  2462 | D        | Reached skill level 15 in Armour
  2476 | D        | Got Haosun's Volume of Nasty Ceraunoscopy
  2830 | D        | Noticed a yaktaur captain
  2831 | D        | Noticed an orc warlord
  2831 | D        | Noticed an orc warlord
  2831 | D        | Noticed a nagaraja
  2832 | D        | Killed an orc warlord
  2832 | D        | Killed a yaktaur captain
  2833 | D        | Reached skill level 15 in Shields
  2833 | D        | Reached XP level 13. HP: 130/130 MP: 19/29
  2837 | D        | Killed an orc warlord
  2837 | D        | Killed a nagaraja
  2853 | D        | Noticed a yaktaur captain
  2853 | D        | Killed a yaktaur captain
  3066 | D        | Noticed a vault guard
  3071 | D        | Killed a vault guard
  3072 | D        | Noticed a vault guard
  3081 | D        | Noticed a vampire knight
  3082 | D        | Killed a vault guard
  3094 | D        | Killed a vampire knight
  3101 | D        | Killed a ghost moth
  3104 | D        | Noticed a vault guard
  3128 | D        | Killed a vault guard
  3605 | D        | Noticed a storm dragon
  3607 | D        | Reached skill level 27 in Invocations
  3607 | D        | Reached XP level 14. HP: 144/144 MP: 22/31
  3610 | D        | Killed a storm dragon
  3792 | D        | Got the Elucidation of Guile and Leadership
  4266 | D        | Noticed a death cob
  4267 | D        | Killed a death cob
  4274 | D        | Paralysed by an air elemental for 1 turns
  4275 | D        | Noticed an apis
  4276 | D        | Paralysed by an air elemental for 1 turns
  4283 | D        | Noticed Xtahua
  4285 | D        | Killed an apis
  4285 | D        | Killed Xtahua
  4310 | D        | Noticed a white draconian
  4318 | D        | Killed a white draconian
  4325 | D        | Noticed a frost giant
  4335 | D        | Killed a frost giant
  4337 | D        | Noticed Rupert
  4342 | D        | Killed Rupert
  4343 | D        | Reached XP level 15. HP: 50/160 MP: 10/32
  4378 | D        | Noticed a bone dragon
  4393 | D        | Killed a bone dragon
  4618 | D        | Noticed a tentacled monstrosity
  4623 | D        | Killed a fire giant
  4623 | D        | Noticed a fire giant
  4626 | D        | Killed a tentacled monstrosity
  4628 | D        | Killed a fire giant
  4785 | D        | Got the ring "Xunutax" {Int+2 Dex+6 SInv}
  4845 | D        | Got the +0 tower shield of Gozag's Pride {rC+ Dex+3}
  4970 | D        | Reached skill level 27 in Axes
  4970 | D        | Reached XP level 16. HP: 179/179 MP: 24/33
  5140 | D        | Got the amulet of Iploze {Faith Str+4 Int+8 Slay-6}
  5152 | D        | Got a silver rune of Zot
  5263 | D        | Noticed a lich
  5267 | D        | Killed a lich
  5275 | D        | Noticed a lich
  5283 | D        | Killed a lich
  5504 | D        | Noticed a deep elf blademaster
  5506 | D        | Noticed Frances
  5510 | D        | Killed a deep elf blademaster
  5516 | D        | Killed Frances
  5517 | D        | Reached skill level 27 in Fighting
  5520 | D        | Noticed a green draconian monk
  5523 | D        | Noticed a sphinx
  5531 | D        | Killed a sphinx
  5535 | D        | Killed a green draconian monk
  5541 | D        | Noticed a golden dragon
  5545 | D        | Killed a golden dragon
  5731 | D        | Got the amulet of the Ethereal God {Contam rPois rN+ Regen+
                  | SInv}
  5733 | D        | Got the amulet "Bemu" {Reflect rPois rF+ SH+5}
  5735 | D        | Got the amulet "Bisi" {Reflect rElec SH+5}
  5737 | D        | Got the amulet of Doataes {RegenMP Str+3}
  5739 | D        | Got the ring "Mathrou" {Will+ Str+5 Int-4 Slay+5}
  5794 | D        | Got the ring of Toidoad {rElec rC- Will+ Str+4 SInv}
  5796 | D        | Got the ring of Akluleph {rElec Int+6}
  5802 | D        | Got the ring "Fuakh" {Wiz rElec Str-5 Dex+2 Stlth+}
  5804 | D        | Got the ring "Xocioli" {rPois rN+ Int+3 Dex+4}
  5806 | D        | Got the ring of Umnaw {MP+9 SInv}
  5888 | D        | Noticed a rockslime
  5890 | D        | Noticed a tentacled monstrosity
  5892 | D        | Killed a rockslime
  5892 | D        | Killed a tentacled monstrosity
  5904 | D        | Noticed Mara
  5906 | D        | Reached skill level 27 in Armour
  5906 | D        | Reached skill level 27 in Shields
  5910 | D        | Noticed BigDaddyOpFi's illusion
  5917 | D        | Killed Mara
  6079 | D        | Noticed a deep elf master archer
  6080 | D        | Noticed a royal mummy
  6082 | D        | Reached skill level 5 in Dodging
  6082 | D        | Killed a deep elf master archer
  6082 | D        | Noticed the Serpent of Hell
  6083 | D        | Reached skill level 5 in Evocations
  6083 | D        | Reached XP level 17. HP: 185/191 MP: 25/34
  6085 | D        | Killed a royal mummy
  6092 | D        | Killed the Serpent of Hell
  6100 | D        | Reached skill level 10 in Dodging
  6441 | D        | Noticed the 27-headed Lernaean hydra
  6443 | D        | Noticed a deep elf master archer
  6444 | D        | Killed a deep elf master archer
  6444 | D        | Killed the 27-headed Lernaean hydra
  6445 | D        | Reached skill level 10 in Evocations
  6448 | D        | Noticed an acid blob
  6450 | D        | Noticed a lich
  6450 | D        | Noticed a titan
  6451 | D        | Noticed a sphinx
  6452 | D        | Killed an acid blob
  6452 | D        | Killed a sphinx
  6452 | D        | Killed a lich
  6452 | D        | Killed a titan
  6453 | D        | Reached skill level 15 in Dodging
  6601 | D        | Got the ring "Mimuat" {rN+ Will++ SInv}
  6603 | D        | Got the ring of the Priest {EV+5 Str+2 Int-3 Dex+6 Slay+2}
  6643 | D        | Noticed an acid blob
  6644 | D        | Noticed a deep elf blademaster
  6645 | D        | Noticed a curse toe
  6648 | D        | Killed an acid blob
  6651 | D        | Killed a deep elf blademaster
  6654 | D        | Killed a curse toe
  6779 | D        | Noticed an Orb Guardian
  6779 | D        | Noticed an Orb Guardian
  6779 | D        | Noticed an Orb Guardian
  6779 | D        | Noticed an Orb Guardian
  6780 | D        | Noticed an Orb Guardian
  6780 | D        | Noticed Margery
  6781 | D        | Noticed Frederick
  6782 | D        | Killed an Orb Guardian
  6782 | D        | Noticed an Orb Guardian
  6783 | D        | Reached skill level 15 in Evocations
  6783 | D        | Killed an Orb Guardian
  6783 | D        | Killed an Orb Guardian
  6784 | D        | Noticed an acid blob
  6786 | D        | Killed Frederick
  6786 | D        | Killed Margery
  6786 | D        | Killed an Orb Guardian
  6786 | D        | Killed an Orb Guardian
  6786 | D        | Killed an Orb Guardian
  6786 | D        | Killed an acid blob
  6787 | D        | Reached XP level 18. HP: 122/200 MP: 19/35
  6787 | D        | Noticed a pearl dragon
  6793 | D        | Noticed Nikola
  6794 | D        | Killed a pearl dragon
  6799 | D        | Killed Nikola
  6801 | D        | Noticed an Orb Guardian
  6807 | D        | Killed an Orb Guardian
  6977 | D        | Noticed an Orb Guardian
  6981 | D        | Noticed an Orb Guardian
  6982 | D        | Noticed an electric golem
  6986 | D        | Killed an Orb Guardian
  6986 | D        | Noticed a lich
  6989 | D        | Killed an Orb Guardian
  6989 | D        | Noticed an orb of fire
  6989 | D        | Noticed an Orb Guardian
  6990 | D        | Killed a lich
  6990 | D        | Killed an Orb Guardian
  6990 | D        | Gained mutation: You have hidden genetic defects. [an orb
                  | of fire]
  6993 | D        | Killed an orb of fire
  6995 | D        | Noticed a titan
  6996 | D        | Noticed a Hell Sentinel
  6997 | D        | Noticed an Orb Guardian
  6997 | D        | Noticed Jory
  6997 | D        | Noticed an Orb Guardian
  6999 | D        | Killed an Orb Guardian
  6999 | D        | Killed an Orb Guardian
  6999 | D        | Killed a Brimstone Fiend
  6999 | D        | Killed a titan
  7003 | D        | Killed a Hell Sentinel
  7009 | D        | Killed Jory
  7010 | D        | Noticed an electric golem
  7013 | D        | Noticed Dissolution
  7016 | D        | Killed an electric golem
  7016 | D        | Killed an Orb Guardian
  7016 | D        | Killed Dissolution
  7020 | D        | Killed an electric golem
  7020 | D        | Gained mutation: You occasionally lose the ability to drink
                  | potions when taking damage. [hidden defects]
  7189 | D        | Lost mutation: You have hidden genetic defects. [potion of
                  | mutation]
  7189 | D        | Lost mutation: You occasionally lose the ability to drink
                  | potions when taking damage. [potion of mutation]
  7189 | D        | Gained mutation: You are robust. (+10% HP) [potion of
                  | mutation]
  7189 | D        | Gained mutation: You have sharp toenails. [potion of
                  | mutation]
  7209 | D        | Noticed Ignacio
  7210 | D        | Noticed a quicksilver dragon
  7211 | D        | Killed a quicksilver dragon
  7211 | D        | Killed Ignacio
  7212 | D        | Noticed a Tzitzimitl
  7214 | D        | Noticed Khufu
  7216 | D        | Killed a Tzitzimitl
  7217 | D        | Reached XP level 19. HP: 117/227 MP: 22/36
  7237 | D        | Noticed a Hell Sentinel
  7240 | D        | Killed Khufu
  7244 | D        | Reached skill level 27 in Dodging
  7245 | D        | Killed a Hell Sentinel
  7245 | D        | Noticed Mennas
  7252 | D        | Noticed a pearl dragon
  7257 | D        | Noticed an orb of fire
  7261 | D        | Killed a pearl dragon
  7262 | D        | Killed Mennas
  7262 | D        | Gained mutation: Your spells are a little easier to cast,
                  | but a little less powerful. [an orb of fire]
  7265 | D        | Gained mutation: You are clumsy. (Dex -2) [an orb of fire]
  7271 | D        | Killed an orb of fire
  7295 | D        | Reached skill level 27 in Evocations
  7508 | D        | Noticed a Tzitzimitl
  7511 | D        | Noticed Boris
  7512 | D        | Killed a Tzitzimitl
  7515 | D        | Killed Boris
  7516 | D        | Noticed an Ice Fiend
  7518 | D        | Killed an Ice Fiend
  7518 | D        | Noticed Mnoleg
  7522 | D        | Gained mutation: Armour fits poorly on your strangely
                  | shaped body. [a shining eye]
  7522 | D        | Paralysed by a floating eye for 2 turns
  7524 | D        | Noticed a tentacled monstrosity
  7524 | D        | Gained mutation: Your magical capacity is low. (-10% MP) [a
                  | shining eye]
  7527 | D        | Noticed an Ice Fiend
  7528 | D        | Gained mutation: You occasionally lose the ability to read
                  | scrolls when taking damage. [Mnoleg's mutagenic touch]
  7530 | D        | Killed Mnoleg
  7903 | D        | Noticed an electric golem
  7910 | D        | Killed an electric golem
  8027 | D        | Noticed a pearl dragon
  8034 | D        | Killed a pearl dragon
  8039 | D        | Noticed a Brimstone Fiend
  8043 | D        | Killed a Brimstone Fiend
  8051 | D        | Noticed a royal mummy
  8054 | D        | Killed a royal mummy
  8099 | D        | Noticed a Brimstone Fiend
  8103 | D        | Killed a Brimstone Fiend
  8421 | D        | Noticed Geryon
  8431 | D        | Killed Geryon
  8617 | D        | Reached XP level 20. HP: 209/237 MP: 28/41
  8633 | D        | Identified the amulet of the Equinox {Spirit Str+2}
  8636 | D        | Reached skill level 27 in Spellcasting
  8942 | D        | Got a golden rune of Zot
  8942 | D        | Got Dispater's Grimoire of Mustering
  8951 | D        | Got the Atlas of Shapes
  8963 | D        | Got Reguim's Collected Works on Vapourous Correspondence
  8974 | D        | Got the Elucidation of the Xenotype
  9051 | D        | Reached skill level 10 in Stealth
  9061 | D        | Noticed an orb of fire
  9066 | D        | Gained mutation: You are weak. (Str -2) [an orb of fire]
  9067 | D        | Killed an orb of fire
  9082 | D        | Noticed an orb of fire
  9091 | D        | Lost mutation: You are robust. (+10% HP) [an orb of fire]
  9094 | D        | Killed from afar by an orb of fire

Illustrated notes

Levels and vault maps discovered:
D:        pitsprint [storerooms_1, entrance_room_1, metal_vault_1, armoury_2,
          mini_pit_1, grid_room_1, main_hall_1, silver_pit, the_coven_1,
          the_vestibule_1, steel_vault_2, golden_pit, hallway_of_sentries,
          crystal_vault_1, iron_vault_1, final_vault]

Skill      XL: |  1  2  3  4  5  6  7  8  9 10 11 12 13 14 15 16 17 18 19 20 |
---------------+-------------------------------------------------------------+-----
Axes           | 3 4 5 6 9 10 12 14 16 18 20 23 27 | 27.0
Invocations    | 2 3 6 7 8 11 14 17 19 21 24 27 | 27.0
Fighting       | 4 5 6 8 9 10 11 13 15 16 18 21 25 27 | 27.0
Armour         | 4 5 6 7 9 11 12 13 15 17 20 23 27 | 27.0
Shields        | 4 5 6 8 9 11 12 13 15 17 20 23 27 | 27.0
Dodging        | 6 20 26 27 | 27.0
Evocations     | 5 17 22 27 | 27.0
Spellcasting   | 22 27 | 27.0
Stealth        | 12 | 12.7

Action                     |  1- 3 |  4- 6 |  7- 9 | 10-12 | 13-15 | 16-18 | 19-21 || total
---------------------------+-------+-------+-------+-------+-------+-------+-------++-------
  Melee: War axe           |    36 |    34 |    31 |    68 |    85 |       |       ||   254
         Broad axe         |       |       |       |       |       |   112 |   132 ||   244
 Invoke: Disaster Area     |       |       |     4 |     5 |    17 |    19 |    11 ||    56
         Upheaval          |       |       |       |     2 |     3 |     9 |     6 ||    20
         Elemental Force   |       |       |       |       |       |       |     1 ||     1
  Evoke: Horn of Geryon    |       |       |       |       |       |       |     1 ||     1
    Use: Potion            |     1 |     1 |       |       |     1 |     1 |     5 ||     9
         Scroll            |       |       |       |     6 |       |     5 |     1 ||    12
 Armour: Scale mail        |    24 |       |       |       |       |       |       ||    24
         Chain mail        |       |    45 |     7 |       |       |       |       ||    52
         Plate armour      |       |       |     1 |    48 |     9 |    19 |    41 ||   118
         Gold dragon scale |       |       |       |       |    36 |    29 |       ||    65
  Dodge: Dodged            |    37 |    22 |     8 |    21 |     8 |    32 |    21 ||   149
         Repelled          |       |       |       |     3 |       |     5 |     3 ||    11
  Block: Buckler           |    21 |    28 |    10 |    48 |    13 |       |       ||   120
         Tower shield      |       |       |       |       |    67 |   199 |   142 ||   408

Table legend: (Time is in decaauts)
 A = Elapsed time spent in this place.
 B = Non-inter-level travel time spent in this place.
 C = Inter-level travel time spent in this place.
 D = Time resting spent in this place.
 E = Time spent auto-exploring this place.
 F = Levels seen in this place.
 G = Mean time per level.
                   A        B        C        D        E       F      G
               +--------+--------+--------+--------+--------+-----+--------+
         Total |   9181 |   8870 |    311 |   5777 |      0 |   1 | 9181.0 |
       Dungeon |   9181 |   8870 |    311 |   5777 |      0 |   1 | 9181.0 |
               +--------+--------+--------+--------+--------+-----+--------+

Top non-repeatable levels by time:
       D: 9181 daAuts
